 Dungeon Crawl Stone Soup version 0.30-a0-310-g7d6cbdfea6 (webtiles) character file.

Game seed: 372771780715751325

29978 MTVSty1e the Severer (level 13, -10/124 HPs)
             Began as a Minotaur Fighter on Oct 24, 2022.
             Was a High Priest of Okawaru.
             Mangled by an eight-headed hydra (11 damage)
             ... on level 2 of the Lair of Beasts.
             The game lasted 00:26:51 (13359 turns).

MTVSty1e the Severer (Minotaur Fighter)            Turns: 13359, Time: 00:27:03

Health: -10/124    AC: 11    Str: 26    XL:     13   Next: 18%
Magic:  0/27       EV: 10    Int:  5    God:    Okawaru [*****.]
Gold:   1015       SH:  6    Dex: 14    Spells: 12/12 levels left

rFire   . . .      SeeInvis +    P - +6 broad axe
rCold   . . .      Faith    .    c - +1 buckler
rNeg    + . .      Spirit   +    A - +0 acid dragon scales
rPois   .          Reflect  .    (helmet restricted)
rElec   +          Harm     .    O - +2 cloak
rCorr   +          Rampage  .    (no gloves)
Will    .....                    j - +0 pair of boots
Stlth   ++........               h - amulet "Baicudd" {Spirit MP+9 Dex+4 Slay+2}
HPRegen 0.40/turn                y - +4 ring of slaying
MPRegen 0.20/turn                G - ring "Xasecaaff" {rElec rN+ rCorr SInv Stlth+}

@: about to teleport
A: horns 2, retaliatory headbutt
a: Renounce Religion, Heroism, Finesse, Duel


You were on level 2 of the Lair of Beasts.
You worshipped Okawaru.
Okawaru was extremely pleased with you.
You visited 3 branches of the dungeon, and saw 13 of its levels.
You also visited: Ossuary and Bailey.

You collected 1075 gold pieces.
You spent 60 gold pieces at shops.

Inventory:

Hand Weapons
 H - a +2 flail
 I - a +4 flail of freezing
 K - a +4 scimitar of flaming
 P - a +6 broad axe (weapon)
Armour
 c - a +1 buckler (worn)
 j - a +0 pair of boots (worn)
 A - +0 acid dragon scales (worn)
 O - a +2 cloak (worn)
Jewellery
 g - a ring of resist corrosion
 h - the amulet "Baicudd" (around neck) {Spirit MP+9 Dex+4 Slay+2}
   (You found it on level 7 of the Dungeon)

   [amulet of guardian spirit]

   It causes incoming damage to be divided between your reserves of health and
   magic.
   Dex:       It affects your dexterity (+4).
   Slay:      It affects your accuracy & damage with ranged weapons and melee
   (+2).
   MP:        It affects your magic capacity (+9).
 n - a ring of flight
 o - a +4 ring of evasion
 w - an amulet of reflection
 y - a +4 ring of slaying (left hand)
 B - a ring of magical power
 E - the ring of Diedwulut {AC+4 Dex+2}
   (You found it on level 7 of the Dungeon)

   [ring of protection]

   AC:        It affects your AC (+4).
   Dex:       It affects your dexterity (+2).
 F - the ring of Udeyn {rN+ Will- Str+3 Int+3 SInv}
   (You found it on level 7 of the Dungeon)

   [ring of see invisible]

   Str:       It affects your strength (+3).
   Int:       It affects your intelligence (+3).
   rN:        It protects you from negative energy.
   SInv:      It lets you see invisible.
   Will:      It decreases your willpower.
 G - the ring "Xasecaaff" (right hand) {rElec rN+ rCorr SInv Stlth+}
   (You found it on level 7 of the Dungeon)

   [ring of positive energy]

   rElec:     It insulates you from electricity.
   rN:        It protects you from negative energy.
   SInv:      It lets you see invisible.
   rCorr:     It protects you from acid and corrosion.
   Stlth:     It makes you more stealthy.
 U - an amulet of the acrobat
Wands
 b - a wand of digging (5)
 k - a wand of mindburst (15)
 t - a wand of polymorph (7)
 J - a wand of flame (19)
 L - a wand of acid (17)
 N - a wand of iceblast (3)
Scrolls
 d - 7 scrolls of teleportation
 i - 2 scrolls of amnesia
 s - 4 scrolls of identify
 v - 2 scrolls of immolation
 z - 2 scrolls of butterflies
 C - a scroll of fear
 D - 3 scrolls of enchant armour
Potions
 a - a potion of heal wounds
 e - 3 potions of mutation
 f - 8 potions of curing
 l - 4 potions of brilliance
 p - 5 potions of haste
 q - a potion of attraction
 r - a potion of ambrosia
 u - 5 potions of lignification
 x - 2 potions of flight
 M - 3 potions of cancellation
 Q - a potion of invisibility
 S - 2 potions of magic {unknown}
 T - a potion of resistance
 V - a potion of might
Miscellaneous
 R - a tin of tremorstones (2/2)


   Skills:
 + Level 14.0 Fighting
 * Level 18.8 Axes
 + Level 5.4 Armour
 + Level 5.3 Shields
 + Level 8.7 Invocations


You had 12 spell levels left.
You didn't know any spells.
Your spell library contained the following spells:

 Spells                   Type           Power      Damage    Failure   Level
 Magic Dart               Conj           0%         1d3       63%         1
 Sublimation of Blood     Necr           0%         N/A       77%         2
 Wereblood                Tmut           0%         N/A       77%         2
 Dazzling Flash           Conj/Hex       0%         N/A       94%         3
 Frozen Ramparts          Ice            0%         1d1       94%         3
 Ice Form                 Ice/Tmut       0%         N/A       100%        4
 Agony                    Necr           0%         N/A       100%        5
 Silence                  Hex/Air        0%         N/A       100%        5
 Summon Ice Beast         Ice/Summ       Unusable   N/A       N/A         4
 Summon Hydra             Summ           Unusable   N/A       N/A         7

Dungeon Overview and Level Annotations

Branches:
Dungeon (10/15)            Temple (1/1) D:7            Lair (2/5) D:10
    Orc (0/2) D:10        Ossuary (visited)          Bailey (visited)
  Swamp: Lair:2-3    Shoals: Lair:2-3     Snake: Lair:2-3    Spider: Lair:2-3

Altars:
Ashenzari
Cheibriados
Dithmenos
Elyvilon
Fedhas
Gozag
Hepliaklqana
Kikubaaqudgha
Makhleb
Nemelex Xobeh
Okawaru
Qazlal
Ru
Sif Muna
Trog
Uskayaw
Vehumet
Wu Jian
Xom
Yredelemnul
Zin
The Shining One

Shops:
D:2 =**

Annotations:
D:9 2 runed translucent doors


Innate Abilities, Weirdness & Mutations

You have a pair of horns on your head.
You reflexively headbutt those who attack you in melee.


Message History

* * * LOW HITPOINT WARNING * * *
The eight-headed hydra bites you but does no damage. x2
The eight-headed hydra barely misses you.
The eight-headed hydra bites you but does no damage.
The eight-headed hydra bites you!
* * * LOW HITPOINT WARNING * * *
The eight-headed hydra bites you!
* * * LOW HITPOINT WARNING * * *
The eight-headed hydra bites you!
* * * LOW HITPOINT WARNING * * *
You turn to flesh and can move again.
Okay, then.
You feel much better. The eight-headed hydra misses you.
The eight-headed hydra barely misses you.
The eight-headed hydra bites you!
* * * LOW HITPOINT WARNING * * *
The eight-headed hydra bites you.
* * * LOW HITPOINT WARNING * * *
The eight-headed hydra closely misses you.
The eight-headed hydra bites you.
* * * LOW HITPOINT WARNING * * *
The eight-headed hydra completely misses you.
The eight-headed hydra misses you.
The eight-headed hydra attacks as you move away!
The eight-headed hydra closely misses you.
You furiously retaliate!
You headbutt the eight-headed hydra! The eight-headed hydra bites you.
* * * LOW HITPOINT WARNING * * *
The eight-headed hydra barely misses you. x3
The eight-headed hydra bites you.
* * * LOW HITPOINT WARNING * * *
You block the eight-headed hydra's attack.
The eight-headed hydra bites you but does no damage.
As you read the scroll of teleportation, it crumbles to dust.
You feel strangely unstable. The eight-headed hydra bites you!
* * * LOW HITPOINT WARNING * * *
The eight-headed hydra bites you!
* * * LOW HITPOINT WARNING * * *
The eight-headed hydra bites you!
You die...

### ###### ##
###P.###.##.########
###.###..................
#.......##.....#...#.P#.. #.
#......####@..........# ...
##.....P.##D.###.#P#...##.P#
#P........l.....#####..<..#
###...>..##.####....###P...##
.........##.# #..##......##
#.......###.# #........###
##......##..####.#.##..##
##..........##.....###
#.......##.........#


You could see an eight-headed hydra and a basilisk.

Vanquished Creatures
  An orc warlord (Bailey)
  Erica (D:8)
  A boulder beetle (D:7)
  A two-headed ogre (D:8)
  Nergalle (D:10)
  An orc knight (Bailey)
  An oklob plant (Lair:1)
  A manticore (D:7)
  A wolf spider (Lair:1)
  An ugly thing (D:7)
  A black mamba (Lair:1)
  Maggie (D:6)
  3 cane toads (Lair:1)
  A kobold demonologist (D:10)
  4 unseen horror zombies (D:8)
  6 komodo dragons
  3 trolls
  2 hornets
  2 slime creatures (D:9)
  A shadow (D:10)
  A wraith (D:7)
  A wyvern (D:7)
  11 yaks (D:10)
  A vampire (D:7)
  6 humans (D:10)
  2 steam dragons (D:8)
  A basilisk (Lair:1)
  Menkaure (D:6)
  Duvessa (D:6)
  An acid dragon (D:10)
  9 orc warriors
  2 sky beasts (D:7)
  2 ice beasts
  A black bear (D:4)
  An ogre (D:4)
  2 centaurs
  A phantom (D:5)
  4 bullfrogs
  3 kobold brigands
  5 scorpions
  A wyvern zombie (D:8)
  14 wights
  Dowan (D:6)
  An electric eel (D:8)
  A crimson imp (D:3)
  A centaur zombie (D:8)
  3 jellies
  9 orc priests
  6 hounds
  4 gnoll boudas
  Natasha (thrice) (D:4)
  10 iguanas
  14 orc wizards
  A killer bee zombie (D:8)
  3 mummies (Ossuary)
  Robin (D:4)
  24 gnolls
  A howler monkey zombie (D:8)
  18 adders
  2 shadow imps (D:7)
  2 white imps (D:7)
  An ufetubus (D:6)
  3 adder zombies (Ossuary)
  2 worms
  4 dart slugs
  37 orcs
  4 endoplasms
  2 giant cockroaches
  27 goblins
  16 hobgoblins
  13 jackals
  5 quokkas
  6 ball pythons
  3 bats (D:2)
  5 frilled lizards
  2 goblin zombies (Ossuary)
  3 hobgoblin zombies (Ossuary)
  22 kobolds
  3 kobold zombies (Ossuary)
  An orc zombie (Ossuary)
  2 quokka zombies (Ossuary)
  3 rats
  4 rat zombies (Ossuary)
378 creatures vanquished.

Vanquished Creatures (others)
  25 fungi (Lair:1)
  60 plants
  4 withered plants (D:8)
89 creatures vanquished.

Grand Total: 467 creatures vanquished

Notes
Turn   | Place    | Note
-------+----------+-------------------------------------------
     0 | D:1      | MTVSty1e the Minotaur Fighter began the quest for the Orb.
     0 | D:1      | Reached XP level 1. HP: 19/19 MP: 0/0
   141 | D:1      | Reached skill level 3 in Axes
   173 | D:1      | Reached XP level 2. HP: 27/27 MP: 1/1
   694 | D:2      | Reached XP level 3. HP: 22/33 MP: 2/2
   698 | D:2      | Reached skill level 4 in Axes
   920 | D:2      | Found Seugel's Jewellery Emporium.
  1036 | D:2      | Found Ustretau's General Store.
  1107 | D:2      | Bought a potion of heal wounds for 60 gold pieces
  1234 | D:2      | Found Pigys's General Store.
  1324 | D:2      | Found Oborix's Jewellery Emporium.
  1729 | D:3      | Noticed an ice beast
  1732 | D:3      | Killed an ice beast
  1733 | D:3      | Reached skill level 5 in Fighting
  1733 | D:3      | Reached skill level 5 in Axes
  1733 | D:3      | Reached XP level 4. HP: 42/42 MP: 3/3
  1733 | D:3      | Reached XP level 5. HP: 48/48 MP: 4/4
  1817 | D:3      | Found a shimmering altar of Xom.
  1817 | D:3      | Found a burning altar of Makhleb.
  1911 | D:3      | Reached skill level 6 in Axes
  2203 | D:3      | Reached XP level 6. HP: 33/56 MP: 5/5
  2605 | D:4      | Noticed Robin
  2633 | D:4      | Killed Robin
  2700 | D:4      | Noticed Natasha
  2708 | D:4      | Killed Natasha
  2728 | D:4      | Noticed Natasha
  2733 | D:4      | Killed Natasha
  2734 | D:4      | Reached skill level 7 in Axes
  2774 | D:4      | Noticed Natasha
  2782 | D:4      | Killed Natasha
  2872 | D:4      | Reached XP level 7. HP: 57/64 MP: 6/6
  3339 | D:4      | Found a basalt altar of Yredelemnul.
  3568 | D:5      | Entered Level 5 of the Dungeon
  3577 | D:5      | Reached skill level 8 in Axes
  3618 | D:5      | Found a bloodstained altar of Trog.
  3818 | D:5      | Reached skill level 9 in Axes
  3884 | D:5      | Found a sacrificial altar of Ru.
  3959 | D:5      | Reached XP level 8. HP: 71/73 MP: 7/7
  4065 | D:5      | Found a sand-covered staircase.
  4072 | Ossuary  | Entered an ossuary
  4471 | D:5      | Reached skill level 10 in Axes
  4511 | D:5      | Noticed a +0 hand axe
  4513 | D:5      | Noticed a +0 hand axe
  4515 | D:5      | Found a hide-covered altar of Uskayaw.
  4862 | D:6      | Noticed Maggie
  4992 | D:6      | Killed Maggie
  4993 | D:6      | Reached skill level 11 in Axes
  5113 | D:6      | Noticed Duvessa
  5116 | D:6      | Noticed Dowan
  5123 | D:6      | Killed Duvessa
  5124 | D:6      | Reached XP level 9. HP: 67/82 MP: 8/8
  5127 | D:6      | Killed Dowan
  5133 | D:6      | Reached skill level 12 in Axes
  5341 | D:6      | Noticed Menkaure
  5357 | D:6      | Killed Menkaure
  5924 | D:7      | Reached skill level 13 in Axes
  5961 | D:7      | Reached skill level 10 in Fighting
  6086 | D:7      | Noticed a white ugly thing
  6086 | D:7      | Noticed a troll
  6114 | D:7      | Killed a white ugly thing
  6118 | D:7      | Killed a troll
  6119 | D:7      | Reached skill level 14 in Axes
  6119 | D:7      | Reached XP level 10. HP: 34/94 MP: 9/9
  6552 | D:7      | Found a staircase to the Ecumenical Temple.
  6558 | Temple   | Entered the Ecumenical Temple
  6590 | Temple   | Became a worshipper of Warmaster Okawaru
  7167 | D:7      | Reached * piety under Okawaru
  7248 | D:7      | Noticed a boulder beetle
  7527 | D:7      | Identified the amulet "Baicudd" {Spirit MP+9 Dex+4 Slay+2}
  7530 | D:7      | Identified the ring of Diedwulut {AC+4 Dex+2}
  7532 | D:7      | Noticed a manticore
  7539 | D:7      | Killed a manticore
  7540 | D:7      | Reached skill level 15 in Axes
  7545 | D:7      | Identified the ring of Udeyn {rN+ Will- Str+3 Int+3 SInv}
  7629 | D:7      | Identified the ring "Xasecaaff" {rElec rN+ rCorr SInv
                  | Stlth+}
  7741 | D:7      | Killed a boulder beetle
  7918 | D:8      | Reached ** piety under Okawaru
  8064 | D:8      | Found a hazy altar of Hepliaklqana.
  8065 | D:8      | Noticed a two-headed ogre
  8067 | D:8      | Found a shadowy altar of Dithmenos.
  8071 | D:8      | Killed a two-headed ogre
  8072 | D:8      | Reached skill level 16 in Axes
  8364 | D:8      | Reached XP level 11. HP: 95/104 MP: 10/10
  8514 | D:8      | Noticed Erica
  8624 | D:8      | Killed Erica
  8624 | D:8      | Reached *** piety under Okawaru
  8663 | D:8      | Found a burning altar of Makhleb.
  9053 | D:8      | Reached skill level 17 in Axes
  9192 | D:8      | Found an ancient bone altar of Kikubaaqudgha.
  9192 | D:8      | Found a shimmering blue altar of Sif Muna.
  9195 | D:8      | Found a radiant altar of Vehumet.
  9200 | D:8      | Got Vehumet's Disquisition on Combat Magic
  9494 | D:9      | Found a large runed translucent door.
  9495 | D:9      | Found a large runed translucent door.
  9516 | D:9      | Noticed a naga warrior
  9603 | D:9      | Reached **** piety under Okawaru
  9892 | D:9      | Found a flagged portal.
  9900 | Bailey   | Entered a bailey
 10311 | Bailey   | Noticed an orc knight
 10324 | Bailey   | Killed an orc knight
 10427 | Bailey   | Noticed an orc warlord
 10464 | Bailey   | Killed an orc warlord
 10465 | Bailey   | Reached skill level 18 in Axes
 10684 | Bailey   | Reached XP level 12. HP: 115/115 MP: 17/17
 10781 | D:9      | Found a glowing silver altar of Zin.
 10781 | D:9      | Found a glowing golden altar of the Shining One.
 10781 | D:9      | Found a white marble altar of Elyvilon.
 10867 | D:9      | Noticed a two-headed ogre
 11167 | D:9      | Noticed a naga warrior
 11217 | D:10     | Entered Level 10 of the Dungeon
 11222 | D:10     | Found a staircase to the Lair.
 11360 | D:10     | Noticed Nergalle
 11373 | D:10     | Killed Nergalle
 11373 | D:10     | Reached ***** piety under Okawaru
 11423 | D:10     | Found a staircase to the Orcish Mines.
 11947 | D:10     | Found an ornate altar of the Wu Jian Council.
 11994 | D:10     | Reached XP level 13. HP: 114/123 MP: 18/18
 12064 | D:10     | Found a broken altar of Ashenzari.
 12132 | Lair:1   | Entered Level 1 of the Lair of Beasts
 12271 | Lair:1   | Reached skill level 5 in Armour
 12271 | Lair:1   | Reached skill level 5 in Shields
 13359 | Lair:2   | HP: 1/124 [eight-headed hydra (7)]
 13359 | Lair:2   | Mangled by an eight-headed hydra

Illustrated notes

Levels and vault maps discovered:
D:1:      giann_horns, layout_rooms
D:2:      layout_basic, serial_shops, nicolae_shop_statue_plus,
          nicolae_shop_waterfront, shop_fountains, shop_statue,
          minmay_misc_feat_hallway
D:3:      layout_basic, grunt_temple_overflow_champion_of_chaos,
          palyth_stone_intersect
D:4:      layout_basic, mainiacjoe_overflow_alcove_4, serial_park_tiny_1,
          uniq_robin, uniq_natasha
D:5:      layout_basic, dancing_weapons_uskayaw, mainiacjoe_overflow_alcove_2,
          nicolae_ru_path_of_blood, chequers_ossuary_entry_cave,
          serial_corexii_hall, chequers_hall_statues_wall_a,
          corexii_hall_statues_x
D:6:      layout_loops_ring, uniq_duvessa, uniq_menkaure, uniq_maggie
D:7:      minmay_the_grid_triangle_9x9_rhombus_full
          [minmay_the_grid_triangle_9x9_impossible_snake,
          minmay_the_grid_triangle_9x9_corruption,
          minmay_the_grid_triangle_9x9_sprig,
          minmay_the_grid_triangle_9x9_descending_squares,
          minmay_the_grid_triangle_9x9_from_above,
          minmay_the_grid_triangle_9x9_thin_v,
          minmay_the_grid_triangle_9x9_windchime,
          minmay_the_grid_triangle_9x9_prize_special], layout_loops_ring
D:8:      layout_loops_corners, riverfiend_overflow_shadow_ancestor,
          grunt_temple_overflow_magic_moments, serial_undead, serial_undead_f,
          serial_undead_c, serial_undead_f, serial_undead_c, serial_undead_c,
          serial_undead_f, serial_undead_f, serial_undead_c, minivault_11,
          chequers_serial_rivers_micro_d, david_defended_altar_orc, uniq_erica
D:9:      okawaru_arena_lexackson, layout_basic, good_gods_mini_temple,
          enter_bailey_4, serial_bayou_lagoon_b
D:10:     erik_cavepeople, layout_basic, nicolae_ashenzari_panopticon,
          pdpol_wu_jian_five_deadly_venoms, minmay_misc_feat_columns,
          uniq_nergalle
Temple:   nicolae_temple_ecumenical_triangle
Lair:1:   minmay_lair_venomous_thicket, layout_chaotic_city, minivault_19,
          minmay_lair_oklob_items
Lair:2:   layout_loops_ring, skrybe_swamp_entry_bodies,
          minmay_snake_entry_guardpost_small, grunt_megastairs_1

Skill      XL: |  1  2  3  4  5  6  7  8  9 10 11 12 13 |
---------------+----------------------------------------+-----
Axes           | 3 5 6 7 9 11 14 16 18 | 18.8
Fighting       | 4 5 6 7 8 10 12 13 14 | 14.0
Invocations    | 8 |  8.7
Armour         | 4 5 |  5.4
Shields        | 4 5 |  5.3

Action                   |  1- 3 |  4- 6 |  7- 9 | 10-12 | 13-15 || total
-------------------------+-------+-------+-------+-------+-------++-------
Melee: War axe           |    87 |    92 |   261 |   284 |       ||   724
       Headbutt          |    12 |    11 |    41 |    83 |    17 ||   164
       Broad axe         |       |       |       |    59 |    55 ||   114
Invok: Heroism           |       |       |       |     7 |       ||     7
  Use: Scroll            |     5 |     1 |    12 |     3 |     3 ||    24
       Potion            |     1 |     2 |     1 |     5 |     1 ||    10
 Stab: Sleeping          |       |       |       |     3 |       ||     3
Armor: Scale mail        |    40 |    43 |    33 |       |       ||   116
       Acid dragon scale |       |       |    11 |    71 |    38 ||   120
       Skin              |       |       |     1 |       |       ||     1
Dodge: Dodged            |    39 |    75 |    89 |   103 |    30 ||   336
Block: Buckler           |    29 |    14 |   136 |    57 |    10 ||   246
       Reflection        |       |       |     1 |     1 |       ||     2

Table legend: (Time is in decaauts)
 A = Elapsed time spent in this place.
 B = Non-inter-level travel time spent in this place.
 C = Inter-level travel time spent in this place.
 D = Time resting spent in this place.
 E = Time spent auto-exploring this place.
 F = Levels seen in this place.
 G = Mean time per level.
                   A        B        C        D        E       F      G
               +--------+--------+--------+--------+--------+-----+--------+
         Total |  13336 |  12866 |    470 |   2478 |   8108 |  15 |  889.1 |
       Dungeon |  10998 |  10573 |    425 |   1652 |   7173 |  10 | 1099.8 |
        Temple |     46 |     43 |      3 |      0 |     27 |   1 |   46.0 |
          Lair |   1216 |   1174 |     42 |    254 |    723 |   2 |  608.0 |
       Ossuary |    251 |    251 |      0 |    100 |     72 |   1 |  251.0 |
        Bailey |    823 |    823 |      0 |    472 |    113 |   1 |  823.0 |
               +--------+--------+--------+--------+--------+-----+--------+

Top non-repeatable levels by time:
     D:7: 2172 daAuts
     D:8: 1535 daAuts
     D:2: 1140 daAuts
  Lair:1: 1117 daAuts
     D:4: 1023 daAuts
     D:5: 974 daAuts
     D:9: 938 daAuts
     D:3: 921 daAuts
    D:10: 900 daAuts
     D:6: 831 daAuts
  Bailey: 823 daAuts
     D:1: 559 daAuts
 Ossuary: 251 daAuts
  Lair:2: 98 daAuts
  Temple: 46 daAuts
